 Dungeon Crawl Stone Soup version 0.27.1-4-g1640c2035a (webtiles) character file.

Game seed: 15373208811390194884

9 wormholer the Chopper (level 2, 0/27 HPs)
             Began as a Hill Orc Berserker on Nov 18, 2021.
             Was a Follower of Trog.
             Constricted to death by a ball python (1 damage)
             ... on level 2 of the Dungeon.
             The game lasted 00:04:34 (207 turns).

wormholer the Chopper (Hill Orc Berserker)           Turns: 207, Time: 00:04:35

Health: 0/27       AC:  2    Str: 19    XL:     2   Next: 16%
Magic:  2/2        EV:  9    Int:  7    God:    Trog [*.....]
Gold:   48         SH:  0    Dex: 10    Spells: 1/1 levels left

rFire    . . .     SeeInvis .   a - +0 hand axe
rCold    . . .     Faith    .   (no shield)
rNeg     . . .     Spirit   .   b - +0 animal skin
rPois    .         Reflect  .   (no helmet)
rElec    .         Harm     .   (no cloak)
rCorr    .         Rampage  .   (no gloves)
Will     .....                  (no boots)
Stlth    +.........             (no amulet)
HPRegen  0.09/turn              (no ring)
MPRegen  0.08/turn              (no ring)

@: attractive, constricted
A: no striking features
a: Renounce Religion, Berserk


You were on level 2 of the Dungeon.
You worshipped Trog.
Trog was aware of your devotion.
You visited 1 branch of the dungeon, and saw 2 of its levels.

You collected 48 gold pieces.

Inventory:

Hand Weapons
 a - a +0 hand axe (weapon)
Armour
 b - a +0 animal skin (worn)
Scrolls
 c - a scroll of enchant weapon {unknown}
 d - a scroll of noise {unknown}
 f - a scroll of enchant armour {unknown}


   Skills:
 + Level 3.9 Fighting
 + Level 4.3 Axes
 + Level 2.2 Armour
 + Level 1.6 Dodging


You had one spell level left.
You didn't know any spells.
Your spell library was empty.

Dungeon Overview and Level Annotations

Branches:
Dungeon (1/15)

Altars:


Message History

You miss the bat. The bat hits you but does no damage. The bat misses you. x2
You closely miss the bat. The bat closely misses you.
You barely miss the bat. The bat hits you but does no damage.
You barely miss the bat. The bat hits you but does no damage. x3
You hit the bat.
You kill the bat!
Trog accepts your kill.
You see here a bat corpse.
You fall into a shaft and drop 1 floor!
The shaft crumbles and collapses.
A worm, an endoplasm, a goblin and a kobold come into view.
Found a leather armour.
Found an escape hatch in the floor.
A ball python comes into view.
The goblin shouts!
You hit the endoplasm.
The endoplasm is moderately wounded.
A frilled lizard comes into view.
The endoplasm closely misses you.
You hit the endoplasm.
The endoplasm is severely wounded.
You barely miss the worm. The endoplasm hits you.
You hit the endoplasm but do no damage.
The endoplasm is severely wounded.
You hit the worm. The worm bites you!
* * * LOW HITPOINT WARNING * * *
The endoplasm completely misses you.
It was a potion of attraction.
You feel attractive to monsters. The endoplasm hits you.
* * * LOW HITPOINT WARNING * * *
The worm bites you.
* * * LOW HITPOINT WARNING * * *
The goblin closely misses you.
The frilled lizard is pulled toward you!
A rat comes into view.
The goblin hits you with a +0 club.
* * * LOW HITPOINT WARNING * * *
The ball python barely misses you. The ball python grabs you.
The ball python constricts you.
You die...

......##........
..........r....
.............#
[............#
............#
............#
#.....K.#
#...lwg.#
#....S@.#
#....J..#
..........#
#..........#
#..........#
#....#######
#.... ###


You could see a worm, an endoplasm, a goblin, a ball python, a kobold, a frilled
lizard and a rat (wandering).

Vanquished Creatures
  2 ball pythons (D:1)
  A bat (D:1)
  A hobgoblin (D:1)
  3 goblins (D:1)
  2 rats (D:1)
9 creatures vanquished.

Notes
Turn   | Place    | Note
-------+----------+-------------------------------------------
     0 | D:1      | wormholer the Hill Orc Berserker began the quest for the
                  | Orb.
     0 | D:1      | Reached XP level 1. HP: 19/19 MP: 1/1
   150 | D:1      | Reached XP level 2. HP: 21/27 MP: 2/2
   199 | D:1      | You fall into a shaft and drop 1 floor!
   207 | D:2      | HP: 1/27 [goblin (4)]
   207 | D:2      | Constricted to death by a ball python

Illustrated notes

Levels and vault maps discovered:
D:1:      matt_arrival_debris, layout_loops_ring,
          shapermc_ecumenical_altar_mp_highgroup, st_stairs_7,
          minmay_door_square
D:2:      layout_basic

Action                   || total
-------------------------++-------
Melee: Hand axe          ||    29
  Use: Potion            ||     1
Armor: Animal skin       ||     7
Dodge: Dodged            ||    22
